 Dungeon Crawl Stone Soup version 0.18.1-6-gd335043 (webtiles) character file.

185 HungrySpirit the Cutter (level 5, -1/28 HPs)
             Began as a Tengu Enchanter on May 20, 2016.
             Killed by divine providence
             ... invoked by an orc priest
              (14 damage)
             ... on level 4 of the Dungeon.
             The game lasted 00:07:09 (3063 turns).

HungrySpirit the Cutter (Tengu Enchanter)           Turns: 3063, Time: 00:07:09

Health: -1/28      AC:  4    Str: 11    XL:     5   Next: 64%
Magic:  9/9        EV:  8    Int: 15    God:
Gold:   286        SH:  4    Dex: 16    Spells: 2 memorised, 5 levels left

rFire  . . .     SeeInvis .     a - +1 dagger
rCold  . . .     Gourm    .     m - +1 robe
rNeg   . . .     Faith    .     (no shield)
rPois  .         Spirit   .     (helmet restricted)
rElec  .         Dismiss  .     (no cloak)
rCorr  .         Reflect  +     t - +0 pair of gloves
SustAt .         Harm     .     (boots unavailable)
MR     .....                    w - +4 amulet of reflection
Stlth  ++........               l - +3 ring of strength
                                y - ring of wizardry

@: not resistant to hostile enchantments, unstealthy
A: beak, talons 3, able to fly 1
a: Fly


You were on level 4 of the Dungeon.
You were not hungry.

You visited 1 branch of the dungeon, and saw 4 of its levels.

You collected 286 gold pieces.

Inventory:

Hand Weapons
 a - a +1 dagger (weapon)
 u - a +0 falchion
Missiles
 h - 5 tomahawks (quivered)
 B - 9 poisoned needles
Armour
 m - a +1 robe (worn)
 t - a +0 pair of gloves (worn)
Jewellery
 e - an uncursed amulet of guardian spirit
 l - a +3 ring of strength (right hand)
 w - a +4 amulet of reflection (around neck)
 y - a ring of wizardry (left hand)
Scrolls
 g - a scroll of enchant armour {unknown}
 j - 2 scrolls of immolation
 o - a scroll of identify
 r - a scroll of random uselessness {unknown}
 s - 2 scrolls of remove curse
Potions
 b - 4 potions of curing {unknown}
 f - a potion of agility {unknown}
 i - 3 potions of flight {unknown}
 k - 2 potions of ambrosia {unknown}
 p - a potion of cure mutation {unknown}
 q - a potion of lignification {unknown}
 x - a potion of degeneration {unknown}
 A - a potion of might {unknown}
Books
 c - a book of Maledictions

   Spells                             Type                      Level
   a - Corona                         Hexes                        1
   b - Ensorcelled Hibernation        Hexes/Ice                    2
   c - Confuse                        Hexes                        3
   d - Tukima's Dance                 Hexes                        3
   e - Dazzling Spray                 Conjuration/Hexes            3
Comestibles
 d - 4 bread rations
 n - 2 meat rations
 v - 2 beef jerkies
 z - a royal jelly
 C - 2 chunks of flesh


   Skills:
 + Level 0.6 Fighting
 * Level 5.5 Short Blades
 + Level 2.5 Dodging
 - Level 3.0 Stealth
 - Level 2.0 Spellcasting
 - Level 2.1 Hexes


You had 5 spell levels left.
You knew the following spells:

 Your Spells              Type           Power        Failure   Level  Hunger
a - Corona                Hex            #......      4%          1    #......
b - Ensorcelled Hibernat  Hex/Ice        #.....       9%          2    ###....


Dungeon Overview and Level Annotations

Branches:
Dungeon (4/15)
 Temple: D:4-7

Altars:
Gozag
Nemelex Xobeh


Innate Abilities, Weirdness & Mutations

You have a beak for a mouth.
You have claws for feet.
You can fly.


Message History

The orc wizard is moderately wounded.
The orc wizard mumbles some strange words.
The orc wizard seems to speed up.
The orc wizard casts a spell at you. The magic dart hits you!
The orc wizard casts a spell at you. The magic dart hits you!
You closely miss the orc wizard. Your peck misses the orc wizard.
The orc wizard is moderately wounded.
The orc wizard hits you but does no damage.
You hit the orc wizard but do no damage.
The orc wizard is moderately wounded.
The orc wizard barely misses you. You block the orc wizard's attack.
There is a stone staircase leading down here.
The orc wizard hits you but does no damage.
The orc priest invokes the aid of Beogh against you.
Beogh smites you!
Ouch! That really hurt!
You die...

#........#.....#..##########+##..
#........#.#.........o.##........
#........# ##.....####.##........
########## #..#.#####.##....o...
#........#.##........
#...o###.#)##........ #.#..#
#..o##........ #.#.o#
#............. #...@#
#............. #...##
#............. #.##
######........ ... #.........
#### #......##. #......##.
#......##. #.[....... #.........


You could see an orc priest and an orc wizard.

Vanquished Creatures
  Terence (D:2)
  7 adders
  2 oozes
  An adder skeleton (D:4)
  3 worms
  A dart slug (D:2)
  4 orcs
  2 ball pythons
  2 giant cockroaches
  8 goblins
  5 hobgoblins
  8 kobolds
  A quokka (D:2)
  11 bats
  23 rats
79 creatures vanquished.

Notes
Turn   | Place    | Note
--------------------------------------------------------------
     0 | D:1      | HungrySpirit the Tengu Enchanter began the quest for the Orb.
     0 | D:1      | Reached XP level 1. HP: 10/10 MP: 4/4
    22 | D:1      | Reached skill level 2 in Short Blades
    29 | D:1      | Reached XP level 2. HP: 10/15 MP: 6/6
   478 | D:1      | Reached skill level 3 in Short Blades
   483 | D:1      | Reached XP level 3. HP: 19/19 MP: 7/7
   704 | D:1      | Learned a level 2 spell: Ensorcelled Hibernation
  1267 | D:2      | Reached skill level 4 in Short Blades
  1267 | D:2      | Reached XP level 4. HP: 20/24 MP: 3/8
  1652 | D:2      | Found a sparkling altar of Nemelex Xobeh.
  1783 | D:2      | Reached skill level 5 in Short Blades
  1849 | D:2      | Noticed Terence
  1854 | D:2      | Killed Terence
  1854 | D:2      | Gained mutation: You can fly. [Tengu growth]
  1854 | D:2      | Reached XP level 5. HP: 28/28 MP: 9/9
  2223 | D:3      | Found an opulent altar of Gozag.
  3063 | D:4      | Killed from afar by an orc priest

Skill      XL: |  1  2  3  4 |
---------------+-------------+-----
Short Blades   | 2 3 4 5 |  5.5
Fighting       | |  0.6
Dodging        | |  2.5
Stealth        | |  3.0
Spellcasting   | |  2.0
Hexes          | |  2.1

Action                   |  1- 3 |  4- 6 || total
-------------------------+-------+-------++-------
Melee: Dagger            |   110 |   110 ||   220
       Kick              |    18 |    25 ||    43
       Peck              |    11 |    23 ||    34
 Cast: Ensorcelled Hiber |     6 |     5 ||    11
  Use: Scroll            |       |     4 ||     4
 Stab: Sleeping          |     8 |    14 ||    22
       Distracted        |       |     1 ||     1
  Eat: Chunk             |       |     8 ||     8
Armor: Robe              |    18 |    24 ||    42
       Ring mail         |     4 |       ||     4
Dodge: Dodged            |    47 |    72 ||   119
Block: Other             |       |     1 ||     1
